 Dungeon Crawl Stone Soup version 0.26-a0-520-g952f204493 (webtiles) character file.

Game seed: 12651474046723725

23 ANON1729 the Insei (level 2, 0/21 HPs)
             Began as a Demonspawn Transmuter on Aug 12, 2020.
             Slain by a kobold (2 damage)
             ... on level 1 of the Dungeon.
             The game lasted 00:01:22 (921 turns).

ANON1729 the Insei (Demonspawn Transmuter)           Turns: 921, Time: 00:01:22

Health: 0/21       AC:  2    Str: 10    XL:     2   Next: 72%
Magic:  2/5        EV: 12    Int: 14    God:
Gold:   50         SH:  0    Dex: 13    Spells: 2/5 levels left

rFire    . . .     SeeInvis .     - Unarmed
rCold    . . .     Faith    .   (no shield)
rNeg     . . .     Spirit   .   a - +0 robe
rPois    .         Reflect  .   (helmet currently unavailable)
rElec    .         Harm     .   (no cloak)
rCorr    .                      (no gloves)
MR       .....                  (boots currently unavailable)
Stlth    +.........             (no amulet)
HPRegen  0.07/turn              (no ring)
MPRegen  0.09/turn              (no ring)

@: appendages, wereblooded
A: horns 2, talons 2, demonic guardian 1
a: End Transformation


You were on level 1 of the Dungeon.
You had grown temporary horns.
You had grown temporary talons.
You visited 1 branch of the dungeon, and saw 1 of its levels.

You collected 50 gold pieces.

Inventory:

Hand Weapons
 b - a +2 dagger of venom
Armour
 a - a +0 robe (worn)
Jewellery
 c - a +6 ring of intelligence {unknown}
Scrolls
 d - a scroll of amnesia {unknown}


   Skills:
 + Level 1.3 Fighting
 + Level 2.0 Dodging
 * Level 3.0 Unarmed Combat
 + Level 2.2 Spellcasting
 * Level 2.1 Transmutations


You had 2 spell levels left.
You knew the following spells:

 Your Spells              Type           Power        Failure   Level
a - Beastly Appendage     Tmut           #.....       10%         1
b - Wereblood             Tmut           #.......     16%         2

Your spell library contained the following spells:

 Spells                   Type           Power        Failure   Level
 Spider Form              Tmut/Pois      #.........   41%         3
 Ice Form                 Ice/Tmut       #.......     83%         4
 Blade Hands              Tmut           #.........   95%         5


Dungeon Overview and Level Annotations

Branches:
Dungeon (1/15)

Altars:

Annotations:
D:1 1 runed translucent door


Innate Abilities, Weirdness & Mutations

A weak demonic guardian rushes to your aid.
You have a pair of horns on your head.
You have razor-sharp toenails.


Message History

Casting: Beastly Appendage (safe; 10% risk of failure)
Confirm with . or Enter, or press ? or * to list all spells.
You grow a pair of large bovine horns.
Your feet morph into talons.
The goblin barely misses you. The kobold barely misses you.
The leopard gecko barely misses you.
Casting: Beastly Appendage (safe; 10% risk of failure)
Confirm with . or Enter, or press ? or * to list all spells.
Your blood is infused with primal strength.
The leopard gecko bites you. The kobold closely misses you.
The goblin hits you.
* * * LOW HITPOINT WARNING * * *
You barely miss the goblin. Your kick misses the goblin.
You headbutt the goblin, but do no damage.
The leopard gecko misses you. The goblin barely misses you.
The kobold hits you but does no damage.
You closely miss the goblin. Your kick misses the goblin.
Your headbutt misses the goblin. The leopard gecko bites you.
* * * LOW HITPOINT WARNING * * *
The kobold hits you.
You die...

..)#..).# #.######
...####.#####....†.####
...'........+>........#
...#.....####.........#
####'###+## #.........#
#........# #......?..#
#).......# #.....(####
#........# #...?(.#
####'###+## #...@..# #
#.# #..lKg.# ## #.#
#.......# .# #.#
#.......# (###'##
.........# ......#
..........# ......#
..........# ...>..#
###.......# ......#


You could see a leopard gecko, a goblin and a kobold.

Vanquished Creatures
  2 dart slugs (D:1)
  2 goblins (D:1)
  3 hobgoblins (D:1)
  2 jackals (D:1)
  2 kobolds (D:1)
  4 bats (D:1)
  A rat (D:1)
16 creatures vanquished.

Notes
Turn   | Place    | Note
-------+----------+-------------------------------------------
     0 | D:1      | ANON1729 the Demonspawn Transmuter began the quest for the
                  | Orb.
     0 | D:1      | Reached XP level 1. HP: 15/15 MP: 3/3
     0 | D:1      | Noticed a jelly
     1 | D:1      | Found a runed translucent door.
   397 | D:1      | Gained mutation: A weak demonic guardian rushes to your
                  | aid. [demonic ancestry]
   397 | D:1      | Reached XP level 2. HP: 19/21 MP: 5/5
   497 | D:1      | Learned a level 2 spell: Wereblood
   532 | D:1      | Reached skill level 3 in Unarmed Combat
   921 | D:1      | Slain by a kobold

Illustrated notes

Levels and vault maps discovered:
D:1:      dpeg_arrival_caged_fury, layout_basic

Skill      XL: |  1  2 |
---------------+-------+-----
Transmutations | 2 |  2.1
Unarmed Combat | 3 |  3.0
Dodging        | 2 |  2.0
Fighting       | |  1.3
Spellcasting   | |  2.2

Action                   || total
-------------------------++-------
Melee: Unarmed           ||    66
       Headbutt          ||     8
       Kick              ||     7
 Cast: Beastly Appendage ||     9
       Wereblood         ||     1
  Use: Potion            ||     2
Armor: Robe              ||    19
Dodge: Dodged            ||    68

Table legend: (Time is in decaauts)
 A = Elapsed time spent in this place.
 B = Non-inter-level travel time spent in this place.
 C = Inter-level travel time spent in this place.
 D = Time resting spent in this place.
 E = Time spent auto-exploring this place.
 F = Levels seen in this place.
 G = Mean time per level.
                   A        B        C        D        E       F      G
               +--------+--------+--------+--------+--------+-----+--------+
         Total |    917 |    917 |      0 |    611 |    171 |   1 |  917.0 |
       Dungeon |    917 |    917 |      0 |    611 |    171 |   1 |  917.0 |
               +--------+--------+--------+--------+--------+-----+--------+

Top non-repeatable levels by time:
     D:1: 917 daAuts
